 Dungeon Sprint DCSS version 0.23-a0-565-g3e74e4c (webtiles) character file.

975 JosiahThimblerig the Cleaver (level 8, -4/79 HPs)
             Began as a Hill Orc Fighter on Dec 13, 2018.
             Was a Follower of Vehumet.
             Slain by a demonic crawler (8 damage)
             ... in the Dungeon (Sprint I: "Red Sonja") on Dec 14, 2018.
             The game lasted 00:08:07 (703 turns).

JosiahThimblerig the Cleaver (Hill Orc Fighter)      Turns: 703, Time: 00:08:08

Health: -4/79      AC: 12    Str: 19      XL:     8   Next: 16%
Magic:  8/8        EV:  8    Int: 12 (14) God:    Vehumet [*.....]
Gold:   213        SH: 12    Dex: 11      Spells: 7/7 levels left

rFire    . . .     SeeInvis .   a - +0 war axe
rCold    + . .     Gourm    .   c - +0 shield
rNeg     . . .     Faith    .   g - +0 chain mail {rC+}
rPois    .         Spirit   .   (no helmet)
rElec    .         Reflect  .   (no cloak)
rCorr    .         Harm     .   q - +0 pair of gloves
MR       .....     NoTele   +   (no boots)
Stlth    ..........             (no amulet)
HPRegen  0.23/turn              (no ring)
MPRegen  0.11/turn              (no ring)

@: brilliant, hasted, very quick
A: no striking features
a: Renounce Religion


You were in the Dungeon.
You worshipped Vehumet.
Vehumet was aware of your devotion.
You were not hungry.

You visited 1 branch You collected 405 gold pieces.
You spent 192 gold pieces at shops.

Inventory:

Hand Weapons
 a - a +0 war axe (weapon)
 n - a +0 giant club
 o - a +0 scythe
Armour
 b - a +0 scale mail
 c - a +0 shield (worn)
 g - a +0 chain mail of cold resistance (worn)
 m - a +0 leather armour
 q - a +0 pair of gloves (worn)
Wands
 l - a wand of random effects (11)
Scrolls
 k - a scroll of blinking
 r - a scroll of enchant armour {unknown}
Potions
 d - a potion of might
 e - 3 potions of curing
 i - 2 potions of magic
 p - a potion of brilliance
Comestibles
 f - a ration


   Skills:
 + Level 10.3 Fighting
 + Level 11.4 Axes
 + Level 9.6 Armour
 + Level 2.5 Dodging
 + Level 0.1 Stealth
 + Level 10.5 Shields


You had 7 spell levels left.
You didn't know any spells.
Your spell library was empty.

Dungeon Overview and Level Annotations

Branches:
Dungeon (1/1)

Altars:
Cheibriados
Dithmenos
Elyvilon
Fedhas
Gozag
Hepliaklqana
Kikubaaqudgha
Makhleb
Nemelex Xobeh
Okawaru
Qazlal
Ru
Sif Muna
Trog
Uskayaw
Vehumet
Wu Jian
Xom
Yredelemnul
Zin
The Shining One
Jiyva
Lugonu

Shops:
D [


Message History

You hit the demonic crawler.
The demonic crawler is heavily wounded.
There is an ornate altar of the Wu Jian Council here.
There is an open door, spattered with blood here.
You block the demonic crawler's attack.
The demonic crawler hits you but does no damage.
The demonic crawler hits you.
* * * LOW HITPOINT WARNING * * *
You barely miss the demonic crawler.
The demonic crawler hits you but does no damage.
You block the demonic crawler's attack. x2
You closely miss the demonic crawler.
You hit the demonic crawler but do no damage.
You block the demonic crawler's attack.
The demonic crawler hits you but does no damage.
You block the demonic crawler's attack. The demonic crawler misses you.
The demonic crawler hits you.
* * * LOW HITPOINT WARNING * * *
The demonic crawler hits you!
You die...

##########################
#<.#..'..#..'..#__#5.)s..#
#..'..#..'[.#..s.s'K.#...#
#..#####'#####'#5_####s555..#
#..####..#...#s#### ####..+
#..#__####..##s# ##
#..#_____##'#s.+
#⌠⌠#_.∩...'.@s_#
####_..__##_.#'#
#_____###+#.# ####### ###


You could see 4 demonic crawlers.

Vanquished Creatures
  A kobold demonologist (D)
  A slime creature (D)
  Sigmund (D)
  A yak (D)
  A floating eye (D)
  An ogre (D)
  A jelly (D)
  Ijyb (D)
8 creatures vanquished.

Notes
Turn   | Place    | Note
-------+----------+-------------------------------------------
     0 | D        | JosiahThimblerig the Hill Orc Fighter began the quest for
                  | the Orb.
     0 | D        | Reached XP level 1. HP: 19/19 MP: 1/1
     2 | D        | Noticed Ijyb
    29 | D        | Killed Ijyb
    29 | D        | Reached skill level 5 in Fighting
    29 | D        | Reached skill level 3 in Axes
    29 | D        | Reached XP level 2. HP: 19/29 MP: 2/2
    29 | D        | Reached XP level 3. HP: 23/36 MP: 3/3
   143 | D        | Noticed an ogre
   151 | D        | Killed an ogre
   151 | D        | Reached skill level 5 in Axes
   151 | D        | Reached XP level 4. HP: 31/45 MP: 4/4
   235 | D        | Noticed Sigmund
   243 | D        | Killed Sigmund
   243 | D        | Reached skill level 6 in Axes
   243 | D        | Reached skill level 1 in Dodging
   243 | D        | Reached XP level 5. HP: 40/55 MP: 5/5
   243 | D        | Reached XP level 6. HP: 45/62 MP: 6/6
   340 | D        | Found an ornate altar of the Wu Jian Council.
   340 | D        | Found a deep blue altar of Sif Muna.
   342 | D        | Found a radiant altar of Vehumet.
   347 | D        | Reached skill level 7 in Axes
   353 | D        | Became a worshipper of Vehumet
   389 | D        | Found Gidixaypn's Armour Emporium.
   389 | D        | Found an ancient bone altar of Kikubaaqudgha.
   389 | D        | Found a hazy altar of Hepliaklqana.
   389 | D        | Found a hide-covered altar of Uskayaw.
   389 | D        | Found a basalt altar of Yredelemnul.
   389 | D        | Found an opulent altar of Gozag.
   389 | D        | Found a snail-covered altar of Cheibriados.
   389 | D        | Found a sacrificial altar of Ru.
   389 | D        | Found a shadowy altar of Dithmenos.
   389 | D        | Noticed a yak
   404 | D        | Killed a yak
   404 | D        | Reached skill level 8 in Axes
   404 | D        | Reached XP level 7. HP: 44/70 MP: 7/7
   405 | D        | Found a stormy altar of Qazlal.
   405 | D        | Found a blossoming altar of Fedhas.
   405 | D        | Found a bloodstained altar of Trog.
   405 | D        | Found an iron altar of Okawaru.
   405 | D        | Found a glowing golden altar of the Shining One.
   405 | D        | Found a glowing silver altar of Zin.
   405 | D        | Found a white marble altar of Elyvilon.
   406 | D        | Found a sparkling altar of Nemelex Xobeh.
   410 | D        | Bought a +0 chain mail of cold resistance for 138 gold
                  | pieces
   410 | D        | Bought a +0 pair of gloves for 54 gold pieces
   443 | D        | Found a viscous altar of Jiyva.
   443 | D        | Found a corrupted altar of Lugonu.
   443 | D        | Noticed a slime creature
   444 | D        | Found a burning altar of Makhleb.
   444 | D        | Found a shimmering altar of Xom.
   452 | D        | Killed a slime creature
   452 | D        | Reached skill level 9 in Axes
   452 | D        | Reached skill level 10 in Shields
   649 | D        | Noticed a kobold demonologist
   650 | D        | Noticed a kobold demonologist
   652 | D        | Paralysed by a floating eye for 3 turns
   656 | D        | Paralysed by a floating eye for 3 turns
   659 | D        | Reached * piety under Vehumet
   659 | D        | Offered knowledge of Sting by Vehumet.
   659 | D        | Reached skill level 10 in Fighting
   659 | D        | Reached skill level 10 in Axes
   667 | D        | Killed a kobold demonologist
   667 | D        | Reached skill level 11 in Axes
   667 | D        | Reached XP level 8. HP: 71/79 MP: 8/8
   671 | D        | Noticed a demonic crawler
   671 | D        | Noticed a demonic crawler
   671 | D        | Noticed a demonic crawler
   671 | D        | Noticed a demonic crawler
   703 | D        | Slain by a demonic crawler

Vault maps used:
D:        dungeon_sprint_1

Skill      XL: |  1  2  3  4  5  6  7 |
---------------+----------------------+-----
Fighting       | 5 6 8 9 10 | 10.3
Axes           | 3 5 6 8 11 | 11.4
Armour         | 4 6 7 8 9 |  9.6
Shields        | 4 6 8 9 10 | 10.5
Dodging        | 1 2 |  2.5
Stealth        | |  0.1

Action                   |  1- 3 |  4- 6 |  7- 9 || total
-------------------------+-------+-------+-------++-------
Melee: War axe           |    34 |    25 |    36 ||    95
  Use: Potion            |       |     1 |     3 ||     4
Armor: Scale mail        |    16 |     2 |       ||    18
       Chain mail        |       |       |    34 ||    34
Dodge: Dodged            |     6 |     7 |    17 ||    30
Block: Shield            |    16 |     8 |    31 ||    55

Table legend:
 A = Non-vault XP
 B = Vault XP
 C = Vault XP percentage of total XP
 D = Non-vault monster count
 E = Vault monster count
 F = Vault count percentage of total count
                 A         B        C        D         E       F
            +---------+---------+-------+---------+---------+-------
      Total |       0 |    1394 | 100.0 |       0 |       8 | 100.0
            +---------+---------+-------+---------+---------+-------
          D |       0 |    1394 | 100.0 |       0 |       8 | 100.0
            +---------+---------+-------+---------+---------+-------
